TOP OF THE 1ST |
Hialeah Dodos batting - Pitching for Brinkley Belugas : RHP Juan Hernández
|
Pitching: RHP Juan Hernández
|
|
Batting: RHB Jorge Salgado
|
0-0: Ball 1-0: Swinging Strike 1-1: DOUBLE (Flyball, 89XD)
|
Batting: LHB Errol Levick
|
0-0: Called Strike 0-1: Called Strike 0-2: Ground out 4-3 (Groundball, 4) Jorge Salgado to third
|
Batting: RHB Vincente Rotham
|
0-0: Fly out, F2 (Popup, 3S)
|
Batting: RHB Luis Jelarde
|
0-0: Called Strike 0-1: Fly out, F8 (Flyball, 78D)
|
Top of the 1st over - 0 run(s), 1 hit(s), 0 error(s), 1 left on base; Hialeah 0 - Brinkley 0 |
BOTTOM OF THE 1ST |
Brinkley Belugas batting - Pitching for Hialeah Dodos : RHP Lucas Begay
|
Pitching: RHP Lucas Begay
|
|
Batting: RHB Enrico Betancourt
|
0-0: Called Strike 0-1: Ground out 5-3 (Groundball, 56S)
|
Batting: RHB Steve Jones
|
0-0: Ball 1-0: Ball 2-0: Called Strike 2-1: Ball 3-1: Called Strike 3-2: Base on Balls
|
Batting: LHB Mike Cook
|
0-0: Swinging Strike 0-1: Ball 1-1: Ball 2-1: DOUBLE (Groundball, 3L) Steve Jones to third Runner from 3rd tries for Home, SAFE, no throw
|
Batting: RHB Brandon Cole
|
0-0: Ball 1-0: Ball 2-0: Foul Ball, location: 2F 2-1: Ball 3-1: Base on Balls
|
Batting: LHB Mario Nieves
|
0-0: Ball 1-0: Fly out, F8 (Flyball, 8RM)
|
Batting: RHB Parker Smith
|
0-0: Foul Ball, location: 2F 0-1: Ball 1-1: Swinging Strike 1-2: Ball 2-2: Strikes out swinging
|
Bottom of the 1st over - 1 run(s), 1 hit(s), 0 error(s), 2 left on base; Hialeah 0 - Brinkley 1 |
TOP OF THE 2ND |
Hialeah Dodos batting - Pitching for Brinkley Belugas : RHP Juan Hernández
|
Batting: LHB Curt Wilson
|
0-0: Ball 1-0: Foul Ball, location: 2F 1-1: Swinging Strike 1-2: Ball 2-2: Foul Ball, location: 2F 2-2: SINGLE (Groundball, 34S) (infield hit)
|
Batting: RHB Pablo Trujillo
|
0-0: Fielders Choice at 2nd, 6-4 (Groundball, 6M)
|
Batting: SHB Luis Manuel Flores
|
0-0: Ball 1-0: Called Strike 1-1: Foul Ball, location: 2F 1-2: Foul Ball, location: 2F 1-2: Strikes out swinging
|
Batting: SHB Javier Gonzáles
|
0-0: Called Strike 0-1: Fielders Choice at 2nd, 4-6 (Groundball, 4)
|
Top of the 2nd over - 0 run(s), 1 hit(s), 0 error(s), 0 left on base; Hialeah 0 - Brinkley 1 |
BOTTOM OF THE 2ND |
Brinkley Belugas batting - Pitching for Hialeah Dodos : RHP Lucas Begay
|
Batting: SHB Zuberi Mccray
|
0-0: Ball 1-0: Ball 2-0: Ball 3-0: Base on Balls
|
Batting: RHB Shawn Hicks
|
0-0: Ball 1-0: Fly out, F9 (Flyball, 9)
|
Batting: RHB Randy Tucker
|
0-0: Called Strike 0-1: Foul Ball, location: 2F 0-2: Fielders Choice at 2nd, 4-6 (Groundball, 4)
|
Batting: RHB Enrico Betancourt
|
0-0: Ball 1-0: Foul Ball, location: 2F 1-1: Ball 2-1: Fly out, F8 (Flyball, 8LD)
|
Bottom of the 2nd over - 0 run(s), 0 hit(s), 0 error(s), 1 left on base; Hialeah 0 - Brinkley 1 |
TOP OF THE 3RD |
Hialeah Dodos batting - Pitching for Brinkley Belugas : RHP Juan Hernández
|
Batting: RHB Armando García
|
0-0: SINGLE (Line Drive, 6MD)
|
Batting: RHB Jorge Salgado
|
0-0: Ball Armando García steals 2nd base 1-0: Ball 2-0: Ball 3-0: Called Strike 3-1: Swinging Strike 3-2: Foul Ball, location: 2F 3-2: Ground out 6-3 (Groundball, 6) Armando García to third
|
Batting: LHB Errol Levick
|
0-0: Foul Ball, location: 2F 0-1: Foul Ball, location: 2F 0-2: Ball 1-2: Strikes out swinging
|
Batting: RHB Vincente Rotham
|
0-0: Ball Wild Pitch! Armando García scores 1-0: Ball 2-0: Called Strike 2-1: Ground out U3 (Groundball, 34S)
|
Top of the 3rd over - 1 run(s), 1 hit(s), 0 error(s), 0 left on base; Hialeah 1 - Brinkley 1 |
BOTTOM OF THE 3RD |
Brinkley Belugas batting - Pitching for Hialeah Dodos : RHP Lucas Begay
|
Batting: RHB Steve Jones
|
0-0: Ball 1-0: Ball 2-0: Ball 3-0: Called Strike 3-1: Called Strike 3-2: Ground out U3 (Groundball, 3)
|
Batting: LHB Mike Cook
|
0-0: Ball 1-0: Called Strike 1-1: Foul Ball, location: 2F 1-2: Ball 2-2: Ground out 3-1 (Groundball, 34S)
|
Batting: RHB Brandon Cole
|
0-0: DOUBLE (Line Drive, 7D)
|
Batting: LHB Mario Nieves
|
0-0: Called Strike 0-1: Swinging Strike 0-2: Ball 1-2: Fly out, F6 (Flyball, 6D)
|
Bottom of the 3rd over - 0 run(s), 1 hit(s), 0 error(s), 1 left on base; Hialeah 1 - Brinkley 1 |
TOP OF THE 4TH |
Hialeah Dodos batting - Pitching for Brinkley Belugas : RHP Juan Hernández
|
Batting: RHB Luis Jelarde
|
0-0: Fly out, F8 (Flyball, 8LS)
|
Batting: LHB Curt Wilson
|
0-0: Swinging Strike 0-1: Called Strike 0-2: Ball 1-2: Foul Ball, location: 2F 1-2: Ground out U3 (Groundball, 34)
|
Batting: RHB Pablo Trujillo
|
0-0: Ball 1-0: Called Strike 1-1: Ball 2-1: Ball 3-1: Base on Balls
|
Batting: SHB Luis Manuel Flores
|
0-0: Called Strike 0-1: Ball 1-1: Ball 2-1: Fly out, F8 (Flyball, 89M)
|
Top of the 4th over - 0 run(s), 0 hit(s), 0 error(s), 1 left on base; Hialeah 1 - Brinkley 1 |
BOTTOM OF THE 4TH |
Brinkley Belugas batting - Pitching for Hialeah Dodos : RHP Lucas Begay
|
Batting: RHB Parker Smith
|
0-0: Ball 1-0: Called Strike 1-1: Ground out 5-3 (Groundball, 56S)
|
Batting: SHB Zuberi Mccray
|
0-0: Ball 1-0: Swinging Strike 1-1: Foul Ball, location: 2F 1-2: Strikes out swinging
|
Batting: RHB Shawn Hicks
|
0-0: Ball 1-0: Called Strike 1-1: Fly out, F7 (Flyball, 78M)
|
Bottom of the 4th over - 0 run(s), 0 hit(s), 0 error(s), 0 left on base; Hialeah 1 - Brinkley 1 |
TOP OF THE 5TH |
Hialeah Dodos batting - Pitching for Brinkley Belugas : RHP Juan Hernández
|
Batting: SHB Javier Gonzáles
|
0-0: Fly out, F9 (Flyball, 9)
|
Batting: RHB Armando García
|
0-0: Called Strike 0-1: Foul Ball, location: 2F 0-2: Strikes out looking
|
Batting: RHB Jorge Salgado
|
0-0: Foul Ball, location: 2F 0-1: Ball 1-1: Ball 2-1: Foul Ball, location: 2F 2-2: Ball 3-2: Foul Ball, location: 2F 3-2: SINGLE (Flyball, 8RS)
|
Batting: LHB Errol Levick
|
0-0: Ball 1-0: Called Strike 1-1: Ball 2-1: Foul Ball, location: 2F 2-2: Ball 3-2: Ground out 6-3 (Groundball, 6)
|
Top of the 5th over - 0 run(s), 1 hit(s), 0 error(s), 1 left on base; Hialeah 1 - Brinkley 1 |
BOTTOM OF THE 5TH |
Brinkley Belugas batting - Pitching for Hialeah Dodos : RHP Lucas Begay
|
Batting: RHB Randy Tucker
|
0-0: Ball 1-0: Called Strike 1-1: Swinging Strike 1-2: Ball 2-2: Strikes out swinging
|
Batting: RHB Enrico Betancourt
|
0-0: Ball 1-0: Called Strike 1-1: Ball 2-1: Ball 3-1: Ground out 5-3 (Groundball, 56S)
|
Batting: RHB Steve Jones
|
0-0: Called Strike 0-1: Ball 1-1: Swinging Strike 1-2: Foul Ball, location: 2F 1-2: Ball 2-2: Foul Ball, location: 2F 2-2: Strikes out looking
|
Bottom of the 5th over - 0 run(s), 0 hit(s), 0 error(s), 0 left on base; Hialeah 1 - Brinkley 1 |
TOP OF THE 6TH |
Hialeah Dodos batting - Pitching for Brinkley Belugas : RHP Juan Hernández
|
Batting: RHB Vincente Rotham
|
0-0: Called Strike 0-1: Called Strike 0-2: Strikes out swinging
|
Batting: RHB Luis Jelarde
|
0-0: Ball 1-0: Foul Ball, location: 2F 1-1: Fly out, F7 (Flyball, 7LDF)
|
Batting: LHB Curt Wilson
|
0-0: Called Strike 0-1: Swinging Strike 0-2: Foul Ball, location: 2F 0-2: Strikes out looking
|
Top of the 6th over - 0 run(s), 0 hit(s), 0 error(s), 0 left on base; Hialeah 1 - Brinkley 1 |
BOTTOM OF THE 6TH |
Brinkley Belugas batting - Pitching for Hialeah Dodos : RHP Lucas Begay
|
Batting: LHB Mike Cook
|
0-0: Called Strike 0-1: Foul Ball, location: 2F 0-2: Ball 1-2: Ball 2-2: Ball 3-2: Fly out, F9 (Flyball, 9)
|
Batting: RHB Brandon Cole
|
0-0: Foul Ball, location: 2F 0-1: Ball 1-1: Ball 2-1: Ball 3-1: Base on Balls
|
Batting: LHB Mario Nieves
|
0-0: Ball 1-0: Called Strike 1-1: Ball 2-1: Ground out 4-3 (Groundball, 34) Brandon Cole to second
|
Batting: RHB Parker Smith
|
0-0: TRIPLE (Flyball, 9LM) Brandon Cole scores
|
Batting: SHB Zuberi Mccray
|
0-0: Ground out 4-3 (Groundball, 4)
|
Bottom of the 6th over - 1 run(s), 1 hit(s), 0 error(s), 1 left on base; Hialeah 1 - Brinkley 2 |
TOP OF THE 7TH |
Hialeah Dodos batting - Pitching for Brinkley Belugas : RHP Juan Hernández
|
Pitching: LHP Don Teehan
|
|
Now at C: Ubbe van Antwerpen
|
|
Batting: RHB Pablo Trujillo
|
0-0: Ball 1-0: Called Strike 1-1: Ground out 5-3 (Groundball, 56S)
|
Batting: SHB Luis Manuel Flores
|
0-0: SINGLE (Line Drive, 4D)
|
Batting: SHB Javier Gonzáles
|
0-0: Ball 1-0: Ground out 4-3 (Groundball, 34) Luis Manuel Flores to second
|
Batting: RHB Armando García
|
0-0: Called Strike 0-1: Swinging Strike 0-2: Foul Ball, location: 2F 0-2: Ball 1-2: Strikes out swinging
|
Top of the 7th over - 0 run(s), 1 hit(s), 0 error(s), 1 left on base; Hialeah 1 - Brinkley 2 |
BOTTOM OF THE 7TH |
Brinkley Belugas batting - Pitching for Hialeah Dodos : RHP Lucas Begay
|
Batting: RHB Shawn Hicks
|
0-0: Ball 1-0: Foul Ball, location: 2F 1-1: SINGLE (Groundball, 56D)
|
Batting: RHB Randy Tucker
|
0-0: Sac Bunt - play at first, batter OUT! 1-4 Shawn Hicks to second
|
Pinch Hitting: LHB Marcos Deleón
|
0-0: Foul Ball, location: 2F 0-1: SINGLE (Groundball, 4MS) (infield hit) Shawn Hicks to third
|
Batting: RHB Steve Jones
|
0-0: Ball 1-0: Swinging Strike 1-1: Grounds into double play, 6-4-3 (Groundball, 6)
|
Bottom of the 7th over - 0 run(s), 2 hit(s), 0 error(s), 1 left on base; Hialeah 1 - Brinkley 2 |
TOP OF THE 8TH |
Hialeah Dodos batting - Pitching for Brinkley Belugas : LHP Don Teehan
|
Pitching: RHP Enrique García
|
|
Now in LF: Henry Cameron
|
|
Now in CF: Manny Carbajal
|
|
Batting: RHB Jorge Salgado
|
0-0: Called Strike 0-1: Ball 1-1: Swinging Strike 1-2: Fly out, F8 (Flyball, 89M)
|
Pitching: LHP Ramón García
|
|
Batting: LHB Errol Levick
|
0-0: Ball 1-0: Swinging Strike 1-1: Ball 2-1: Ball 3-1: Ground out 3-1 (Groundball, 34)
|
Pitching: RHP José Trujillo
|
|
Batting: RHB Vincente Rotham
|
0-0: Ball 1-0: Ground out 5-3 (Groundball, 56S)
|
Top of the 8th over - 0 run(s), 0 hit(s), 0 error(s), 0 left on base; Hialeah 1 - Brinkley 2 |
BOTTOM OF THE 8TH |
Brinkley Belugas batting - Pitching for Hialeah Dodos : RHP Lucas Begay
|
Batting: LHB Mike Cook
|
0-0: Foul Ball, location: 2F 0-1: Ball 1-1: Ball 2-1: SINGLE (Line Drive, 9LS)
|
Pitching: LHP Travis Grant
|
|
Batting: RHB Brandon Cole
|
0-0: Ball 1-0: Called Strike 1-1: Ball 2-1: DOUBLE (Flyball, 78XD) Mike Cook to third
|
Batting: LHB Mario Nieves
|
0-0: Hit by Pitch
|
Batting: RHB Parker Smith
|
0-0: Ball 1-0: Foul Ball, location: 2F 1-1: Ball 2-1: GRAND SLAM HOME RUN (Flyball, 78XD), Distance : 430 ft
|
Pitching: RHP Johnny Allen
|
|
Batting: LHB Ubbe van Antwerpen
|
0-0: Ball 1-0: Ball 2-0: Ball 3-0: Called Strike 3-1: Base on Balls
|
Batting: RHB Shawn Hicks
|
0-0: Ball 1-0: Ball 2-0: Called Strike 2-1: Called Strike 2-2: Foul Ball, location: 2F 2-2: Foul Ball, location: 2F 2-2: Fly out, F7 (Flyball, 7)
|
Batting: RHB Manny Carbajal
|
0-0: Ball 1-0: Called Strike 1-1: Ball 2-1: Called Strike 2-2: Strikes out swinging
|
Batting: RHB Henry Cameron
|
0-0: Called Strike 0-1: Ball 1-1: Foul Ball, location: 2F 1-2: Strikes out swinging
|
Bottom of the 8th over - 4 run(s), 3 hit(s), 0 error(s), 1 left on base; Hialeah 1 - Brinkley 6 |
TOP OF THE 9TH |
Hialeah Dodos batting - Pitching for Brinkley Belugas : RHP José Trujillo
|
Batting: RHB Luis Jelarde
|
0-0: Ball 1-0: Swinging Strike 1-1: Foul Ball, location: 2F 1-2: Ball 2-2: Fly out, F6 (Line Drive, 6M)
|
Batting: LHB Curt Wilson
|
0-0: Foul Ball, location: 2F 0-1: Fly out, F7 (Flyball, 7)
|
Batting: RHB Pablo Trujillo
|
0-0: Ball 1-0: Swinging Strike 1-1: Foul Ball, location: 2F 1-2: Foul Ball, location: 2F 1-2: Ball 2-2: Foul Ball, location: 2F 2-2: Foul Ball, location: 2F 2-2: Foul Ball, location: 2F 2-2: Foul Ball, location: 2F 2-2: Ball 3-2: Foul Ball, location: 2F 3-2: Base on Balls
|
Batting: SHB Luis Manuel Flores
|
0-0: Called Strike 0-1: Ball 1-1: Foul Ball, location: 2F 1-2: Foul Ball, location: 2F 1-2: Foul Ball, location: 2F 1-2: Foul Ball, location: 2F 1-2: Foul Ball, location: 2F 1-2: Fly out, F7 (Flyball, 78M)
|
Top of the 9th over - 0 run(s), 0 hit(s), 0 error(s), 1 left on base; Hialeah 1 - Brinkley 6 |
|